TOP OF THE 1ST |
Roy Eagle Squadron batting - Pitching for Alabama Shakes : RHP Dave MacLardie
|
Pitching: RHP Dave MacLardie
|
|
Batting: LHB Octávio Otero
|
0-0: Foul Ball, location: 2F 0-1: Foul Ball, location: 2F 0-2: Ball 1-2: Ball 2-2: Ball 3-2: Foul Ball, location: 2F 3-2: Foul Ball, location: 2F 3-2: Foul Ball, location: 2F 3-2: DOUBLE (Line Drive, 5D)
|
Batting: RHB Juan Bruno
|
0-0: Ball 1-0: Swinging Strike 1-1: Ball 2-1: Ball 3-1: Base on Balls
|
Batting: LHB Pedro Camacho
|
0-0: Called Strike 0-1: Swinging Strike 0-2: Ball 1-2: Ball 2-2: Ball 3-2: SINGLE (Groundball, 34D) Octávio Otero to third Juan Bruno to second Runner from 3rd tries for Home, SAFE, throw made home
|
Batting: LHB Manfredi Pérez
|
0-0: Ball 1-0: Grounds into double play, 4-6-3 (Groundball, 4) Juan Bruno to third
|
Batting: LHB Robinson González
|
0-0: Ball 1-0: Foul Ball, location: 2F 1-1: Ball 2-1: Foul Ball, location: 2F 2-2: Foul Ball, location: 2F 2-2: Ball 3-2: Base on Balls
|
Batting: SHB Dwight Hill
|
0-0: Ball 1-0: Ball 2-0: Called Strike 2-1: Ball 3-1: Foul Ball, location: 2F 3-2: Ground out 4-3 (Groundball, 4S)
|
Top of the 1st over - 1 run, 2 hits, 0 errors, 2 left on base; Roy 1 - Alabama 0 |
BOTTOM OF THE 1ST |
Alabama Shakes batting - Pitching for Roy Eagle Squadron : RHP Jorge Arellano
|
Pitching: RHP Jorge Arellano
|
|
Batting: SHB Doug Thompson
|
0-0: Foul Ball, location: 2F 0-1: Ball 1-1: Bunted foul 1-2: Foul Ball, location: 2F 1-2: Ball 2-2: Foul Ball, location: 2F 2-2: Fly out, F3 (Popup, 23F)
|
Batting: RHB Billy Gray
|
0-0: Foul Ball, location: 2F 0-1: Foul Ball, location: 2F 0-2: Strikes out swinging
|
Batting: LHB Edgardo Molina
|
0-0: Ball 1-0: Reached on error, E5 (Groundball, 2L)
|
Batting: RHB Matt Bascombe
|
0-0: Called Strike 0-1: Ball 1-1: Ball 2-1: Ground out U3 (Groundball, 3)
|
Bottom of the 1st over - 0 runs, 0 hits, 1 error, 1 left on base; Roy 1 - Alabama 0 |
TOP OF THE 2ND |
Roy Eagle Squadron batting - Pitching for Alabama Shakes : RHP Dave MacLardie
|
Batting: SHB Troy Holland
|
0-0: Swinging Strike 0-1: Called Strike 0-2: Ball 1-2: Strikes out swinging
|
Batting: LHB Reynaldo Martínez
|
0-0: Fly out, F7 (Flyball, 7)
|
Batting: RHB Diego Molina
|
0-0: Ball 1-0: Ball 2-0: Swinging Strike 2-1: SINGLE (Groundball, 34D)
|
Batting: LHB Octávio Otero
|
0-0: Swinging Strike 0-1: Ball 1-1: Ball 2-1: Swinging Strike Throwing error on steal attempt, E2 Diego Molina to third 2-2: Foul Ball, location: 2F 2-2: Ground out 4-3 (Groundball, 4)
|
Top of the 2nd over - 0 runs, 1 hit, 1 error, 1 left on base; Roy 1 - Alabama 0 |
BOTTOM OF THE 2ND |
Alabama Shakes batting - Pitching for Roy Eagle Squadron : RHP Jorge Arellano
|
Batting: RHB Andrés Aguirre
|
0-0: Fly out, F8 (Flyball, 8LM)
|
Batting: LHB Brett Anderson
|
0-0: Swinging Strike 0-1: Swinging Strike 0-2: Ball 1-2: Foul Ball, location: 2F 1-2: Foul Ball, location: 2F 1-2: Strikes out swinging
|
Batting: RHB Mark Jackson
|
0-0: Called Strike 0-1: Called Strike 0-2: Fly out, F8 (Flyball, 8RS)
|
Bottom of the 2nd over - 0 runs, 0 hits, 0 errors, 0 left on base; Roy 1 - Alabama 0 |
TOP OF THE 3RD |
Roy Eagle Squadron batting - Pitching for Alabama Shakes : RHP Dave MacLardie
|
Batting: RHB Juan Bruno
|
0-0: Fly out, F3 (Popup, 3F)
|
Batting: LHB Pedro Camacho
|
0-0: Called Strike 0-1: Foul Ball, location: 2F 0-2: Ball 1-2: Foul Ball, location: 2F 1-2: Foul Ball, location: 2F 1-2: Foul Ball, location: 2F 1-2: Ball 2-2: DOUBLE (Line Drive, 8RD)
|
Batting: LHB Manfredi Pérez
|
0-0: Called Strike 0-1: Foul Ball, location: 2F 0-2: Ball 1-2: Foul Ball, location: 2F 1-2: Foul Ball, location: 2F 1-2: Strikes out swinging
|
Batting: LHB Robinson González
|
0-0: Foul Ball, location: 2F 0-1: Ground out 6-3 (Groundball, 6M)
|
Top of the 3rd over - 0 runs, 1 hit, 0 errors, 1 left on base; Roy 1 - Alabama 0 |
BOTTOM OF THE 3RD |
Alabama Shakes batting - Pitching for Roy Eagle Squadron : RHP Jorge Arellano
|
Batting: RHB Mario Rodríguez
|
0-0: Called Strike 0-1: Ball 1-1: Ball 2-1: Foul Ball, location: 2F 2-2: Ball 3-2: Base on Balls
|
Batting: RHB Tim Oliver
|
0-0: Called Strike Mario Rodríguez steals 2nd base 0-1: Ball 1-1: Ground out 5-3 (Groundball, 56S) Mario Rodríguez to third
|
Batting: SHB Doug Thompson
|
0-0: Ball 1-0: Ball 2-0: Ball 3-0: Base on Balls
|
Batting: RHB Billy Gray
|
0-0: Called Strike Doug Thompson steals 2nd base 0-1: Foul Ball, location: 2F 0-2: Ball 1-2: Foul Ball, location: 2F 1-2: Strikes out swinging
|
Batting: LHB Edgardo Molina
|
0-0: Foul Ball, location: 2F 0-1: Ball 1-1: Called Strike 1-2: Ball 2-2: 3-RUN HOME RUN (Flyball, 9D), Distance : 371 ft
|
Batting: RHB Matt Bascombe
|
0-0: Ball 1-0: SOLO HOME RUN (Flyball, 7LD), Distance : 340 ft
|
Batting: RHB Andrés Aguirre
|
0-0: Called Strike 0-1: Fly out, F7 (Flyball, 7D)
|
Bottom of the 3rd over - 4 runs, 2 hits, 0 errors, 0 left on base; Roy 1 - Alabama 4 |
TOP OF THE 4TH |
Roy Eagle Squadron batting - Pitching for Alabama Shakes : RHP Dave MacLardie
|
Batting: SHB Dwight Hill
|
0-0: Called Strike 0-1: Swinging Strike 0-2: Ball 1-2: DOUBLE (Line Drive, 78D)
|
Batting: SHB Troy Holland
|
0-0: Ball 1-0: Foul Ball, location: 2F 1-1: Ball 2-1: Foul Ball, location: 2F 2-2: Ball 3-2: Base on Balls
|
Batting: LHB Reynaldo Martínez
|
0-0: Ball 1-0: SINGLE (Flyball, 78S) Dwight Hill to third Troy Holland to second Runner from 3rd tries for Home, SAFE, no throw
|
Batting: RHB Diego Molina
|
0-0: Called Strike 0-1: Foul Ball, location: 2F 0-2: Fly out, F8 (Flyball, 89D) Runner from 2nd tags up, SAFE at 3rd, no throw
|
Batting: LHB Octávio Otero
|
0-0: Ball 1-0: Called Strike Reynaldo Martínez steals 2nd base 1-1: Foul Ball, location: 2F 1-2: Ball 2-2: Ball 3-2: Foul Ball, location: 2F 3-2: Base on Balls
|
Batting: RHB Juan Bruno
|
0-0: Ball 1-0: Ball 2-0: Ball 3-0: Base on Balls Troy Holland scores Reynaldo Martínez to third Octávio Otero to second
|
Batting: LHB Pedro Camacho
|
0-0: Ball 1-0: Swinging Strike 1-1: Foul Ball, location: 2F 1-2: Strikes out swinging
|
Batting: LHB Manfredi Pérez
|
0-0: Foul Ball, location: 2F 0-1: Called Strike 0-2: Ball 1-2: Strikes out looking
|
Top of the 4th over - 2 runs, 2 hits, 0 errors, 3 left on base; Roy 3 - Alabama 4 |
BOTTOM OF THE 4TH |
Alabama Shakes batting - Pitching for Roy Eagle Squadron : RHP Jorge Arellano
|
Batting: LHB Brett Anderson
|
0-0: Swinging Strike 0-1: Ball 1-1: Fly out, F7 (Flyball, 7LM)
|
Batting: RHB Mark Jackson
|
0-0: Called Strike 0-1: Called Strike 0-2: Foul Ball, location: 2F 0-2: Ball 1-2: Ground out 5-3 (Groundball, 5)
|
Batting: RHB Mario Rodríguez
|
0-0: Ball 1-0: Fly out, F7 (Flyball, 7)
|
Bottom of the 4th over - 0 runs, 0 hits, 0 errors, 0 left on base; Roy 3 - Alabama 4 |
TOP OF THE 5TH |
Roy Eagle Squadron batting - Pitching for Alabama Shakes : RHP Dave MacLardie
|
Pitching: RHP Jim Pope
|
|
Batting: LHB Robinson González
|
0-0: Called Strike 0-1: Called Strike 0-2: Ball 1-2: Strikes out swinging
|
Batting: SHB Dwight Hill
|
0-0: Ball 1-0: Called Strike 1-1: Called Strike 1-2: Strikes out swinging
|
Batting: SHB Troy Holland
|
0-0: Ball 1-0: Ball 2-0: SINGLE (Line Drive, 89S)
|
Batting: LHB Reynaldo Martínez
|
Pickoff Throw to First - Error! E1 Troy Holland to second 0-0: Swinging Strike 0-1: Called Strike 0-2: Strikes out swinging
|
Top of the 5th over - 0 runs, 1 hit, 1 error, 1 left on base; Roy 3 - Alabama 4 |
BOTTOM OF THE 5TH |
Alabama Shakes batting - Pitching for Roy Eagle Squadron : RHP Jorge Arellano
|
Batting: RHB Tim Oliver
|
0-0: Foul Ball, location: 2F 0-1: Ball 1-1: Foul Ball, location: 2F 1-2: Ball 2-2: SINGLE (Groundball, 6MD)
|
Batting: SHB Doug Thompson
|
0-0: Ball 1-0: Ball 2-0: Ball 3-0: Base on Balls Tim Oliver to second
|
Batting: RHB Billy Gray
|
0-0: Foul Ball, location: 2F 0-1: Ball 1-1: Swinging Strike 1-2: Foul Ball, location: 2F 1-2: Strikes out looking
|
Batting: LHB Edgardo Molina
|
0-0: Foul Ball, location: 2F 0-1: Grounds into double play, 3-6-3 (Groundball, 34)
|
Bottom of the 5th over - 0 runs, 1 hit, 0 errors, 1 left on base; Roy 3 - Alabama 4 |
TOP OF THE 6TH |
Roy Eagle Squadron batting - Pitching for Alabama Shakes : RHP Jim Pope
|
Batting: RHB Diego Molina
|
0-0: Bunt for hit - play at first, batter OUT! 1-3
|
Batting: LHB Octávio Otero
|
0-0: Ball 1-0: Ball 2-0: Ball 3-0: Called Strike 3-1: Foul Ball, location: 2F 3-2: Foul Ball, location: 2F 3-2: Foul Ball, location: 2F 3-2: Base on Balls
|
Batting: RHB Juan Bruno
|
0-0: Called Strike 0-1: Ball 1-1: Called Strike 1-2: Foul Ball, location: 2F 1-2: Foul Ball, location: 2F 1-2: Fly out, F8 (Flyball, 8LM)
|
Batting: LHB Pedro Camacho
|
0-0: Called Strike 0-1: Foul Ball, location: 2F 0-2: Ball 1-2: Ball 2-2: Ball 3-2: DOUBLE (Line Drive, 9LM) Octávio Otero to third Octávio Otero scores
|
Batting: LHB Manfredi Pérez
|
0-0: Called Strike 0-1: Foul Ball, location: 2F 0-2: Ball 1-2: Ball 2-2: Ball 3-2: Base on Balls
|
Batting: LHB Robinson González
|
0-0: Foul Ball, location: 2F 0-1: Swinging Strike 0-2: Ball 1-2: Foul Ball, location: 2F 1-2: SINGLE (Flyball, 78S) Pedro Camacho to third Manfredi Pérez to second Runner from 3rd tries for Home, SAFE, throw made home
|
Pitching: RHP José Soto
|
|
Batting: SHB Dwight Hill
|
0-0: Fly out, F8 (Line Drive, 8LM)
|
Top of the 6th over - 2 runs, 2 hits, 0 errors, 2 left on base; Roy 5 - Alabama 4 |
BOTTOM OF THE 6TH |
Alabama Shakes batting - Pitching for Roy Eagle Squadron : RHP Jorge Arellano
|
Batting: RHB Matt Bascombe
|
0-0: Called Strike 0-1: Foul Ball, location: 2F 0-2: Ball 1-2: Fly out, F8 (Flyball, 8RS)
|
Batting: RHB Andrés Aguirre
|
0-0: Ball 1-0: Ball 2-0: Called Strike 2-1: Foul Ball, location: 2F 2-2: Foul Ball, location: 2F 2-2: SINGLE (Flyball, 78S)
|
Batting: LHB Brett Anderson
|
0-0: Ball 1-0: Called Strike 1-1: Foul Ball, location: 2F 1-2: Ball 2-2: Ball 3-2: Strikes out swinging
|
Batting: RHB Mark Jackson
|
0-0: Called Strike 0-1: Ball 1-1: Ball 2-1: Ball 3-1: Fly out, F7 (Flyball, 7S)
|
Bottom of the 6th over - 0 runs, 1 hit, 0 errors, 1 left on base; Roy 5 - Alabama 4 |
TOP OF THE 7TH |
Roy Eagle Squadron batting - Pitching for Alabama Shakes : RHP José Soto
|
Batting: SHB Troy Holland
|
0-0: Ball 1-0: Ball 2-0: Ball 3-0: Swinging Strike 3-1: Foul Ball, location: 2F 3-2: Fly out, F9 (Flyball, 9LM)
|
Batting: LHB Reynaldo Martínez
|
0-0: Ball 1-0: Ball 2-0: Foul Ball, location: 2F 2-1: Called Strike 2-2: Foul Ball, location: 2F 2-2: Ball 3-2: Ground out 5-3 (Groundball, 5S)
|
Batting: RHB Diego Molina
|
0-0: Ground out 5-3 (Groundball, 56S)
|
Top of the 7th over - 0 runs, 0 hits, 0 errors, 0 left on base; Roy 5 - Alabama 4 |
BOTTOM OF THE 7TH |
Alabama Shakes batting - Pitching for Roy Eagle Squadron : RHP Jorge Arellano
|
Pitching: RHP Cisco Dávila
|
|
Batting: RHB Mario Rodríguez
|
0-0: Foul Ball, location: 2F 0-1: Ball 1-1: Fly out, F9 (Flyball, 89M)
|
Batting: RHB Tim Oliver
|
0-0: Foul Ball, location: 2F 0-1: Ball 1-1: Called Strike 1-2: Ball 2-2: Fly out, F8 (Flyball, 8LS)
|
Batting: SHB Doug Thompson
|
0-0: Ball 1-0: Ball 2-0: Foul Ball, location: 2F 2-1: Ball 3-1: Base on Balls
|
Batting: RHB Billy Gray
|
0-0: Ball 1-0: Called Strike 1-1: Ball 2-1: Fly out, F8 (Flyball, 89D)
|
Bottom of the 7th over - 0 runs, 0 hits, 0 errors, 1 left on base; Roy 5 - Alabama 4 |
TOP OF THE 8TH |
Roy Eagle Squadron batting - Pitching for Alabama Shakes : RHP José Soto
|
Batting: LHB Octávio Otero
|
0-0: Ball 1-0: Called Strike 1-1: Foul Ball, location: 2F 1-2: Foul Ball, location: 2F 1-2: Foul Ball, location: 2F 1-2: Ball 2-2: Ball 3-2: TRIPLE (Flyball, 8LXD)
|
Batting: RHB Juan Bruno
|
0-0: Called Strike 0-1: Swinging Strike 0-2: Ball 1-2: Foul Ball, location: 2F 1-2: Strikes out looking
|
Batting: LHB Pedro Camacho
|
0-0: Fly out, F9 (Line Drive, 9)
|
Batting: LHB Manfredi Pérez
|
0-0: Ball 1-0: Fly out, F8 (Flyball, 8RM)
|
Top of the 8th over - 0 runs, 1 hit, 0 errors, 1 left on base; Roy 5 - Alabama 4 |
BOTTOM OF THE 8TH |
Alabama Shakes batting - Pitching for Roy Eagle Squadron : RHP Cisco Dávila
|
Now at 2B: Roberto Casas
|
|
Batting: LHB Edgardo Molina
|
0-0: Ball 1-0: Ground out 5-3 (Groundball, 56)
|
Batting: RHB Matt Bascombe
|
0-0: Swinging Strike 0-1: Ball 1-1: SOLO HOME RUN (Flyball, 9D), Distance : 384 ft
|
Batting: RHB Andrés Aguirre
|
0-0: Ball 1-0: Ball 2-0: Called Strike 2-1: Foul Ball, location: 2F 2-2: Foul Ball, location: 2F 2-2: Foul Ball, location: 2F 2-2: Foul Ball, location: 2F 2-2: Foul Ball, location: 2F 2-2: Foul Ball, location: 2F 2-2: Foul Ball, location: 2F 2-2: Foul Ball, location: 2F 2-2: Fly out, F7 (Flyball, 7)
|
Pinch Hitting: SHB Artie Adams
|
0-0: Called Strike 0-1: Ball 1-1: Reached on error, E6 (Groundball, 6)
|
Batting: RHB Mark Jackson
|
0-0: Called Strike 0-1: Fly out, F4 (Line Drive, 4)
|
Bottom of the 8th over - 1 run, 1 hit, 1 error, 1 left on base; Roy 5 - Alabama 5 |
TOP OF THE 9TH |
Roy Eagle Squadron batting - Pitching for Alabama Shakes : RHP José Soto
|
Pitching: RHP Brian Gardner
|
|
Now at 2B: Artie Adams
|
|
Batting: LHB Robinson González
|
0-0: Ball 1-0: Ground out 4-3 (Groundball, 4S)
|
Pinch Hitting: LHB Quinn Webb
|
0-0: Swinging Strike 0-1: Ball 1-1: Ball 2-1: SINGLE (Line Drive, 34)
|
Batting: SHB Troy Holland
|
0-0: Ball Quinn Webb steals 2nd base 1-0: Swinging Strike 1-1: Called Strike 1-2: Strikes out looking
|
Batting: LHB Reynaldo Martínez
|
0-0: Foul Ball, location: 2F 0-1: Ground out 6-3 (Groundball, 6)
|
Top of the 9th over - 0 runs, 1 hit, 0 errors, 1 left on base; Roy 5 - Alabama 5 |
BOTTOM OF THE 9TH |
Alabama Shakes batting - Pitching for Roy Eagle Squadron : RHP Cisco Dávila
|
Pitching: LHP Guonçallo Caldas
|
|
Now at 2B: Cal Cox
|
|
Now in LF: Quinn Webb
|
|
Batting: RHB Mario Rodríguez
|
0-0: Ball 1-0: Called Strike 1-1: Foul Ball, location: 2F 1-2: Ball 2-2: Foul Ball, location: 2F 2-2: Ball 3-2: Base on Balls
|
Batting: RHB Tim Oliver
|
0-0: Ball 1-0: Ball 2-0: Ground out 4-3 (Groundball, 4S) Mario Rodríguez to second
|
Batting: SHB Doug Thompson
|
0-0: Ball 1-0: Ball 2-0: Ground out 5-3 (Groundball, 56)
|
Batting: RHB Billy Gray
|
0-0: Swinging Strike 0-1: SINGLE (Line Drive, 9S) Mario Rodríguez to third Runner from 3rd tries for Home, SAFE, throw made home
|
Saturday, April 7th, 2018 - OOTP Baseball 18.8 Build 76
|
|